[Event "Romanian-ch Open 2022"]
[Site "Eforie Nord"]
[Date "2022.02.27"]
[Round "9.21"]
[White "Daianu, Cristian-Clement"]
[Black "Mintau, Andrei-Catalin"]
[Result "1/2-1/2"]
[ECO "B01"]
[WhiteElo "2171"]
[BlackElo "2029"]
[Annotator "NA"]
[PlyCount "70"]
[EventDate "2022.02.20"]
[EventType "swiss"]
[EventCountry "ROU"]
[SourceTitle "playchess.com"]
[Source "ChessBase"]
[SourceQuality "1"]
[TimeControl "40/5400+30:900+30"]

1. e4 d5 2. exd5 Qxd5 3. Nc3 Qa5 4. d4 Nf6 5. Nf3 Bf5 6. Bc4 e6 7. Bd2 Bb4 8. Qe2 c6 9. Ne5 Nd5 10. Bxd5 cxd5 11. Qb5+ Qxb5 12. Nxb5 Bxd2+ 13. Kxd2 f6 14. g4 Be4 15. f3 fxe5 16. fxe4 Kd7 17. exd5 exd5 18. dxe5 Nc6 19. Rae1 Rae8 20. Nd6 Rxe5 21. Nxb7 Rb8 22. Nc5+ Kd6 23. Nd3 Re4 24. Rxe4 dxe4 25. Nf2 Rxb2 26. Nxe4+ Kd5 27. Kc1 Rb4 28. Nc3+ Kd4 29. a3 Rc4 30. Rd1+ Kc5 31. Rd5+ Kb6 32. Kb2 Rxg4 33. Rh5 h6 34. Nd5+ Kb7 35. Rf5 Nd4 1/2-1/2

[Event "Romanian-ch Open 2022"]
[Site "Eforie Nord"]
[Date "2022.02.27"]
[Round "9.24"]
[White "Antal, Hunor-Zoltan"]
[Black "Ciocani, Iosif"]
[Result "1-0"]
[ECO "A27"]
[WhiteElo "2172"]
[BlackElo "1876"]
[Annotator "NA"]
[PlyCount "63"]
[EventDate "2022.02.20"]
[EventType "swiss"]
[EventCountry "ROU"]
[SourceTitle "playchess.com"]
[Source "ChessBase"]
[SourceQuality "1"]
[TimeControl "40/5400+30:900+30"]

1. c4 e5 2. g3 g6 3. Bg2 Bg7 4. Nc3 Ne7 5. Nf3 O-O 6. d4 exd4 7. Nxd4 Nbc6 8. Nc2 d6 9. O-O Be6 10. Nd5 Ne5 11. Nd4 N7c6 12. Nxe6 fxe6 13. Nf4 Re8 14. Bd2 Nd7 15. h4 Nc5 16. h5 e5 17. Nd5 a5 18. hxg6 hxg6 19. Bh3 Rf8 20. Qc2 e4 21. Be3 Nd4 22. Qd2 Nf5 23. Bg5 Qd7 24. Ne7+ Kh7 25. Kg2 Bf6 26. Rh1 Kg7 27. Bxf5 gxf5 28. Bxf6+ Rxf6 29. Qg5+ Kf7 30. Nd5 Qd8 31. Rh7+ Ke6 32. Nxf6 1-0

[Event "Romanian-ch Open 2022"]
[Site "Eforie Nord"]
[Date "2022.02.27"]
[Round "9.25"]
[White "Butolo, Alexandru-Mircea"]
[Black "Andronescu, Madalin"]
[Result "0-1"]
[ECO "B96"]
[WhiteElo "1850"]
[BlackElo "2122"]
[Annotator "NA"]
[PlyCount "66"]
[EventDate "2022.02.20"]
[EventType "swiss"]
[EventCountry "ROU"]
[SourceTitle "playchess.com"]
[Source "ChessBase"]
[SourceQuality "1"]
[TimeControl "40/5400+30:900+30"]

1. e4 c5 2. Nf3 d6 3. d4 cxd4 4. Nxd4 Nf6 5. Nc3 a6 6. Bg5 e6 7. f4 h6 8. Bh4 Qb6 9. Qd2 Qxb2 10. Rb1 Qa3 11. f5 Nc6 12. fxe6 fxe6 13. Nxc6 bxc6 14. Be2 g5 15. Bf2 Nd7 16. Bh5+ Kd8 17. Bg4 Bg7 18. Rb3 Qa5 19. O-O Be5 20. Bd4 Bxd4+ 21. Qxd4 Qc5 22. Ne2 e5 23. Qe3 Qxe3+ 24. Rxe3 Rf8 25. Ng3 Rxf1+ 26. Kxf1 Rb8 27. Be6 Ke7 28. Bb3 Nc5 29. Rf3 Be6 30. Bxe6 Kxe6 31. Rc3 Rb4 32. a3 Rd4 33. Kf2 Rxe4 0-1

[Event "Romanian-ch Open 2022"]
[Site "Eforie Nord"]
[Date "2022.02.27"]
[Round "9.26"]
[White "Negrean, Andrei"]
[Black "Tudor, Henry Edward"]
[Result "0-1"]
[ECO "B30"]
[WhiteElo "1941"]
[BlackElo "1879"]
[Annotator "NA"]
[PlyCount "108"]
[EventDate "2022.02.20"]
[EventType "swiss"]
[EventCountry "ROU"]
[SourceTitle "playchess.com"]
[Source "ChessBase"]
[SourceQuality "1"]
[TimeControl "40/5400+30:900+30"]

1. e4 c5 2. Nf3 Nc6 3. Bb5 e6 4. Bxc6 bxc6 5. O-O Ne7 6. Nc3 Ng6 7. d3 d5 8. Na4 Bd7 9. c4 e5 10. h3 d4 11. Qe1 Bd6 12. b3 h6 13. Kh1 Nf8 14. Ng1 g5 15. f3 Ng6 16. Ne2 Nf4 17. Nxf4 gxf4 18. Ba3 Qe7 19. Rd1 Rg8 20. Rd2 Rg3 21. Qf2 Qh4 22. Qg1 Bxh3 23. Qh2 O-O-O 24. Rff2 Bxg2+ 25. Rxg2 Rh3 26. Rdf2 Rxh2+ 27. Rxh2 Qg3 28. Rhg2 Qh3+ 29. Rh2 Qe6 30. Rfg2 f5 31. Bxc5 Bxc5 32. Nxc5 Qd6 33. b4 fxe4 34. dxe4 d3 35. Rd2 Qd4 36. Rhf2 Qxc4 37. Kh2 Qxb4 38. Nb3 c5 39. Rb2 Qe1 40. Rbd2 c4 41. Nc5 c3 42. Nxd3 Rxd3 43. Rde2 Qxe2 44. Rxe2 Rd2 45. Rg2 Rxg2+ 46. Kxg2 c2 47. Kh3 c1=Q 48. Kg4 Kd7 49. Kf5 Kd6 50. Kf6 Qg1 51. Kf7 Qg5 52. a4 a5 53. Kf8 Ke6 54. Ke8 Qg8# 0-1

[Event "Romanian-ch Open 2022"]
[Site "Eforie Nord"]
[Date "2022.02.27"]
[Round "9.27"]
[White "Zaim, Marian"]
[Black "Craciun, Sasha-Matei"]
[Result "1/2-1/2"]
[ECO "D02"]
[WhiteElo "1964"]
[BlackElo "1871"]
[Annotator "NA"]
[PlyCount "59"]
[EventDate "2022.02.20"]
[EventType "swiss"]
[EventCountry "ROU"]
[SourceTitle "playchess.com"]
[Source "ChessBase"]
[SourceQuality "1"]
[TimeControl "40/5400+30:900+30"]

1. Nf3 Nf6 2. g3 d5 3. Bg2 c5 4. O-O Nc6 5. d4 e6 6. b3 cxd4 7. Nxd4 Bc5 8. Bb2 O-O 9. c4 Nxd4 10. Bxd4 Bxd4 11. Qxd4 dxc4 12. Qxc4 e5 13. Nc3 Qe7 14. Rfd1 Rb8 15. Rac1 a6 16. Nd5 Nxd5 17. Bxd5 Bf5 18. Qc7 Rfe8 19. e4 Bg4 20. Qxe7 Rxe7 21. Rd3 g5 22. f3 Be6 23. Bxe6 Rxe6 24. Rd7 b5 25. Rcc7 Rf6 26. Kg2 Rbb6 27. Rc2 Rbc6 28. Rc7 Rxc7 29. Rxc7 Rd6 30. Rc2 1/2-1/2

[Event "Romanian-ch Open 2022"]
[Site "Eforie Nord"]
[Date "2022.02.27"]
[Round "9.28"]
[White "Prelipcean, Eric-Matei"]
[Black "Craciun, Gheorghe"]
[Result "1-0"]
[ECO "B99"]
[WhiteElo "1935"]
[BlackElo "1655"]
[Annotator "NA"]
[PlyCount "53"]
[EventDate "2022.02.20"]
[EventType "swiss"]
[EventCountry "ROU"]
[SourceTitle "playchess.com"]
[Source "ChessBase"]
[SourceQuality "1"]
[TimeControl "40/5400+30:900+30"]

1. e4 c5 2. Nf3 d6 3. d4 cxd4 4. Nxd4 Nf6 5. Nc3 a6 6. Bg5 e6 7. f4 Be7 8. Qf3 Qc7 9. O-O-O b5 10. g4 Bb7 11. Bxf6 gxf6 12. a3 Nd7 13. f5 e5 14. Nb3 O-O-O 15. Kb1 Nb6 16. Bg2 Nc4 17. Nd2 Kb8 18. Nxc4 Qxc4 19. Bf1 Qc5 20. Nd5 Bxd5 21. Rxd5 Qc7 22. Qb3 Ka7 23. Bxb5 Rb8 24. Qa4 Qb6 25. b3 Rhc8 26. Bxa6 Rc5 27. Bc8+ 1-0

[Event "Romanian-ch Open 2022"]
[Site "Eforie Nord"]
[Date "2022.02.27"]
[Round "9.29"]
[White "Dragomirescu, Calin"]
[Black "Sarighioleanu, Sebastian-Laure"]
[Result "1-0"]
[ECO "E90"]
[WhiteElo "2092"]
[BlackElo "2045"]
[Annotator "NA"]
[PlyCount "107"]
[EventDate "2022.02.20"]
[EventType "swiss"]
[EventCountry "ROU"]
[SourceTitle "playchess.com"]
[Source "ChessBase"]
[SourceQuality "1"]
[TimeControl "40/5400+30:900+30"]

1. d4 Nf6 2. Nf3 g6 3. c4 Bg7 4. Nc3 O-O 5. e4 d6 6. Be3 e5 7. dxe5 dxe5 8. Qxd8 Rxd8 9. Nd5 Nxd5 10. cxd5 c6 11. Bc4 b5 12. Bb3 a5 13. a3 Bb7 14. Rc1 Ra6 15. O-O a4 16. Ba2 h6 17. Rfd1 Rc8 18. Ne1 cxd5 19. Rxc8+ Bxc8 20. Bxd5 Nc6 21. Rc1 Bd7 22. Nd3 Bf8 23. Nc5 Bxc5 24. Rxc5 Ne7 25. Bxh6 Rd6 26. f4 Nxd5 27. fxe5 Re6 28. Rxd5 Bc6 29. Rc5 Bxe4 30. Rxb5 Bc2 31. Bg5 Re8 32. Bf6 Rc8 33. Rb4 Kf8 34. Rd4 Bb3 35. h4 Kg8 36. Kh2 Kh7 37. e6 fxe6 38. Rd7+ Kg8 39. Rg7+ Kf8 40. Rxg6 Kf7 41. Rh6 Rc2 42. Bc3 Bd5 43. Rf6+ Ke7 44. Rg6 Rf2 45. h5 Rf5 46. g4 Rf1 47. Kg3 Be4 48. Rg7+ Rf7 49. Rxf7+ Kxf7 50. Kf4 Bc2 51. g5 Bd1 52. g6+ Kg8 53. h6 e5+ 54. Bxe5 1-0

[Event "Romanian-ch Open 2022"]
[Site "Eforie Nord"]
[Date "2022.02.27"]
[Round "9.30"]
[White "Capragiu, Matei-Stefan"]
[Black "Bobocea, Laurentiu-Vlad"]
[Result "1/2-1/2"]
[ECO "E83"]
[WhiteElo "1902"]
[BlackElo "1987"]
[Annotator "NA"]
[PlyCount "63"]
[EventDate "2022.02.20"]
[EventType "swiss"]
[EventCountry "ROU"]
[SourceTitle "playchess.com"]
[Source "ChessBase"]
[SourceQuality "1"]
[TimeControl "40/5400+30:900+30"]

1. d4 Nf6 2. c4 g6 3. Nc3 Bg7 4. e4 d6 5. f3 O-O 6. Be3 Nc6 7. Nge2 a6 8. Nc1 Nd7 9. Be2 e5 10. d5 Nd4 11. Nb3 Nxe2 12. Qxe2 b6 13. Nd2 f5 14. O-O-O a5 15. b3 Nc5 16. Kb2 Bd7 17. a3 Qh4 18. Ra1 Bh6 19. b4 Bxe3 20. Qxe3 Na6 21. Kb3 Kg7 22. h3 Qh6 23. Qxh6+ Kxh6 24. Ne2 f4 25. Kc3 g5 26. Nb3 a4 27. Nbc1 Kg6 28. Nd3 Rab8 29. Rhb1 h5 30. Kd2 g4 31. h4 Kf6 32. c5 1/2-1/2